 Dungeon Crawl Stone Soup version 0.31-a0-844-gdc52ec4e09 (webtiles) character file.

Game seed: 7550764619754238657

1780 freelancePsychic the Conjurer (level 9, -5/92 HPs)
             Began as an Ogre Conjurer on Sept 29, 2023.
             Was an Initiate of Vehumet.
             Slain by a hornet (15 damage)
             ... on level 7 of the Dungeon.
             The game lasted 00:08:45 (7535 turns).

freelancePsychic the Conjurer (Ogre Conjurer)       Turns: 7535, Time: 00:08:45

Health: -5/92      AC:  3    Str: 19    XL:     9   Next: 8%
Magic:  2/18       EV:  9    Int: 23    God:    Vehumet [......]
Gold:   398        SH:  0    Dex:  7    Spells: 13/20 levels left

rFire   . . .        b - +2 whip (elec)
rCold   . . .        (no shield)
rNeg    . . .        a - +0 robe
rPois   .            (helmet restricted)
rElec   .            (no cloak)
rCorr   .            (gloves unavailable)
SInv    .            (boots unavailable)
Will    .....        (no amulet)
Stlth   +            d - +6 ring of strength
HPRegen 0.35/turn    n - ring of wizardry
MPRegen 0.16/turn

%: wizardry (x1)
@: lethally poisoned (-5 -> -8), slowed, very slow
A: large, unfitting armour, tough skin 1
a: Renounce Religion


You were on level 7 of the Dungeon.
You worshipped Vehumet.
Vehumet was noncommittal.
You visited 2 branches of the dungeon, and saw 8 of its levels.

You collected 398 gold pieces.

Inventory:

Hand Weapons
 b - a +2 whip of electrocution (weapon)
Armour
 a - a +0 robe (worn)
 q - a +0 tower shield
Jewellery
 d - a +6 ring of strength (left hand)
 m - a ring of fire
 n - a ring of wizardry (right hand)
Wands
 u - a wand of polymorph (7)
Scrolls
 c - 7 scrolls of teleportation {@r4}
 e - 5 scrolls of immolation
 f - 2 scrolls of amnesia
 i - 4 scrolls of enchant weapon
 p - a scroll of fog
 r - 2 scrolls of blinking
 t - a scroll of noise
 w - a scroll of vulnerability
Potions
 g - a potion of haste {unknown}
 h - a potion of curing {@q1}
 j - a potion of cancellation {unknown}
 k - a potion of berserk rage {unknown}
 l - a potion of attraction {unknown}
 o - a potion of degeneration
 s - a potion of resistance
 x - a potion of invisibility {unknown}
 z - a potion of lignification {unknown}


   Skills:
 + Level 6.7 Fighting
 - Level 1.7 Dodging
 - Level 1.4 Stealth
 - Level 6.1 Spellcasting
 - Level 6.8 Conjurations
 - Level 3.5 Translocations
 * Level 3.6 Ice Magic


You had 13 spell levels left.
You knew the following spells:

 Your Spells              Type           Power      Damage    Failure   Level
a - Magic Dart            Conj           100%       1d8       1%          1
b - Searing Ray           Conj           76%        2d7       1%          2
c - Iskenderun's Mystic   Conj/Tloc      30%        2d8       4%          4

Your spell library contained the following spells:

 Spells                   Type           Power      Damage    Failure   Level
 Apportation              Tloc           46%        N/A       1%          1
 Dazzling Flash           Conj/Hex       44%        N/A       2%          3
 Necrotise                Necr           28%        1d5       3%          1
 Summon Small Mammal      Summ           28%        N/A       3%          1
 Fulminant Prism          Conj/Hex       11%        3d9       9%          4
 Anguish                  Hex/Necr       3%         N/A       32%         4
 Cause Fear               Hex            3%         N/A       32%         4
 Simulacrum               Ice/Necr       7%         N/A       91%         6
 Ozocubu's Refrigeration  Ice            11%        4d10      99%         7
 Enfeeble                 Hex            3%         N/A       100%        7
 Polar Vortex             Ice            11%        12d1*     100%        9


Dungeon Overview and Level Annotations

Branches:
Dungeon (7/15)             Temple (1/1) D:6

Altars:
Ashenzari
Cheibriados
Dithmenos
Elyvilon
Fedhas
Gozag
Hepliaklqana
Kikubaaqudgha
Makhleb
Okawaru
Qazlal
Trog
Vehumet
Wu Jian
Xom
Yredelemnul

Annotations:
D:4 2 transporters, ShinQuickMan's ghost, amateur DECj


Innate Abilities, Weirdness & Mutations

You are too large for most types of armour.
You have tough skin. (AC +1)


Message History

You feel as though you will be slow longer.
The hornet stings you!
You are more poisoned.
You feel as though you will be slow longer.
You feel extremely sick. The hornet stings you.
You feel as though you will be slow longer.
The howler monkey hits you.
Casting: Iskenderun's Mystic Blast (dangerous; 4% risk of failure)
Confirm with . or Enter, or press ? or * to list all spells.
You erupt in a blast of force!
The mystic blast hits the hornet.
The hornet is heavily wounded.
The hornet is knocked back by the mystic blast.
The mystic blast hits the howler monkey!
You kill the howler monkey!
Vehumet accepts your kill.
You feel very sick.
Casting: Iskenderun's Mystic Blast (dangerous; 4% risk of failure)
Confirm with . or Enter, or press ? or * to list all spells.
You erupt in a blast of force!
The mystic blast hits the hornet.
The hornet is severely wounded.
The hornet is knocked back by the mystic blast.
You feel very sick.
Your magical contamination has completely faded away.
Casting: Iskenderun's Mystic Blast (dangerous; 4% risk of failure)
Confirm with . or Enter, or press ? or * to list all spells.
You erupt in a blast of force!
The mystic blast hits the hornet but does no damage.
The hornet is severely wounded.
You feel very sick. The hornet stings you!
* * * LOW HITPOINT WARNING * * *
You feel as though you will be slow longer.
Casting: Iskenderun's Mystic Blast (dangerous; 4% risk of failure)
Confirm with . or Enter, or press ? or * to list all spells.
You erupt in a blast of force!
The mystic blast hits the hornet but does no damage.
The hornet is severely wounded.
You feel sick. The hornet stings you!
You die...

## ....# #. ##...# #
#....# . # ....# .. #
#...# ..## #...# ...
#...# ######## #.@.#
#.....## h #.y†#
+......# ...
#.>.########......#
.h..##...##....##......+
....h.................##
......................##
...<..................#.
..........#....#......'.
....##....######......##


You could see a hornet.

Vanquished Creatures
  A water moccasin (D:7)
  2 ice beasts
  A sky beast (D:7)
  2 ogres
  A centaur (D:6)
  2 phantoms (D:6)
  2 scorpions
  3 wights (D:6)
  A howler monkey (D:7)
  3 jellies
  3 orc priests
  2 hounds (D:5)
  A sleepcap (D:7)
  2 iguanas
  3 orc wizards
  Ijyb (D:4)
  Robin (D:4)
  9 adders
  3 gnolls (D:4)
  A white imp (D:7)
  An ufetubus (D:6)
  2 worms (D:2)
  4 dart slugs
  19 orcs
  3 ball pythons
  4 bats
  9 endoplasms
  2 giant cockroaches
  15 goblins
  7 hobgoblins
  8 jackals (D:5)
  4 quokkas
  2 frilled lizards
  7 kobolds
  8 rats
139 creatures vanquished.

Notes
Turn   | Place    | Note
-------+----------+-------------------------------------------
     0 | D:1      | freelancePsychic the Ogre Conjurer began the quest for the
                  | Orb.
     0 | D:1      | Reached XP level 1. HP: 16/16 MP: 3/3
   123 | D:1      | Found a faded altar of an unknown god.
   219 | D:1      | Reached XP level 2. HP: 26/26 MP: 1/5
   376 | D:1      | Reached skill level 1 in Fighting
   381 | D:1      | Learned a level 2 spell: Searing Ray
   836 | D:1      | Reached XP level 3. HP: 28/33 MP: 1/7
  1833 | D:2      | Reached XP level 4. HP: 42/42 MP: 5/8
  2837 | D:4      | Learned a level 4 spell: Iskenderun's Mystic Blast
  2890 | D:4      | Reached skill level 1 in Translocations
  2896 | D:4      | Reached XP level 5. HP: 24/50 MP: 7/10
  3126 | D:4      | Noticed an ogre
  3151 | D:4      | Reached skill level 5 in Conjurations
  3151 | D:4      | Reached XP level 6. HP: 51/61 MP: 4/11
  3214 | D:4      | Noticed Ijyb
  3219 | D:4      | Killed Ijyb
  3450 | D:4      | Identified the +5 dagger "Huw Lapn" {elec, rN+ Int+3 Dex+2}
  3619 | D:4      | Found a transporter.
  3633 | D:4      | Identified the +1 halberd of Destiny {chaos, Contam rC+++
                  | Will+++ Int-3}
  3672 | D:4      | Noticed Robin
  3687 | D:4      | Killed Robin
  3833 | D:4      | Found a transporter.
  3866 | D:4      | Noticed ShinQuickMan's ghost (amateur DECj)
  3941 | D:5      | Entered Level 5 of the Dungeon
  4105 | D:5      | Reached XP level 7. HP: 26/68 MP: 9/13
  5255 | D:6      | Found a blossoming altar of Fedhas.
  5518 | D:6      | Reached XP level 8. HP: 66/79 MP: 3/15
  5519 | D:6      | Reached skill level 5 in Fighting
  5519 | D:6      | Reached skill level 5 in Spellcasting
  6017 | D:6      | Found a staircase to the Ecumenical Temple.
  6147 | Temple   | Entered the Ecumenical Temple
  6165 | Temple   | Became a worshipper of Vehumet
  6485 | D:6      | Reached skill level 1 in Ice Magic
  7378 | D:7      | Reached XP level 9. HP: 69/92 MP: 2/18
  7521 | D:7      | Noticed a hornet
  7535 | D:7      | Slain by a hornet

Illustrated notes

Levels and vault maps discovered:
D:1:      tekkud_arrival_beachfront_property, layout_loops_ring,
          hellmonk_ecumenical_altar_prayer_group, minmay_misc_feat_square
D:2:      layout_rooms
D:3:      layout_rooms
D:4:      layout_gridville, gammafunk_ghost_gnarly_gnolls, nicolae_letterblocks
          [nicolae_letter_subblock, nicolae_letter_subblock,
          nicolae_letter_subblock, nicolae_letter_subblock,
          nicolae_letter_subblock, nicolae_letter_subblock,
          nicolae_letter_subblock, nicolae_letter_subblock,
          nicolae_letter_subblock, nicolae_letter_subblock,
          nicolae_letter_subblock, nicolae_letter_subblock,
          nicolae_letter_subblock, nicolae_letter_subblock,
          nicolae_letter_subblock, nicolae_letter_subblock,
          nicolae_letter_subblock, nicolae_letter_subblock,
          nicolae_letter_subblock, nicolae_letter_subblock,
          nicolae_letter_subblock, nicolae_letter_subblock,
          nicolae_letter_subblock, nicolae_letter_subblock,
          nicolae_letter_subblock], uniq_robin, uniq_ijyb
D:5:      layout_loops_corners
D:6:      layout_loops_ring, fedhas_altar_3, lemuel_temple_firewalk_a
D:7:      layout_gridville, chequers_temple_overflow_statue_of_worship
Temple:   hellmonk_temple_of_storms

Skill      XL: |  1  2  3  4  5  6  7  8 |
---------------+-------------------------+-----
Fighting       | 1 2 3 4 6 |  6.7
Conjurations   | 4 5 6 |  6.8
Spellcasting   | 3 4 6 |  6.1
Translocations | 1 2 3 |  3.5
Ice Magic      | 3 |  3.6
Dodging        | |  1.7
Stealth        | |  1.4

Action                     |  1- 3 |  4- 6 |  7- 9 || total
---------------------------+-------+-------+-------++-------
  Melee: Unarmed           |    31 |    43 |       ||    74
         Punch             |     1 |       |       ||     1
         Whip              |       |    18 |    53 ||    71
   Cast: Magic Dart        |    61 |     2 |     2 ||    65
         Searing Ray       |     7 |    34 |    30 ||    71
         Iskenderun's Myst |       |     2 |    29 ||    31
    Use: Scroll            |     1 |       |     9 ||    10
         Potion            |       |     3 |     2 ||     5
   Stab: Sleeping          |       |       |     2 ||     2
 Armour: Robe              |    27 |    62 |    64 ||   153
         Skin              |       |     1 |       ||     1
  Dodge: Dodged            |    22 |    36 |    39 ||    97

Table legend: (Time is in decaauts)
 A = Elapsed time spent in this place.
 B = Non-inter-level travel time spent in this place.
 C = Inter-level travel time spent in this place.
 D = Time resting spent in this place.
 E = Time spent auto-exploring this place.
 F = Levels seen in this place.
 G = Mean time per level.
                   A        B        C        D        E       F      G
               +--------+--------+--------+--------+--------+-----+--------+
         Total |   7541 |   7322 |    219 |      0 |   6423 |   8 |  942.6 |
       Dungeon |   7504 |   7320 |    184 |      0 |   6423 |   7 | 1072.0 |
        Temple |     36 |      2 |     34 |      0 |      0 |   1 |   36.0 |
               +--------+--------+--------+--------+--------+-----+--------+

Top non-repeatable levels by time:
     D:6: 1652 daAuts
     D:5: 1317 daAuts
     D:1: 1189 daAuts
     D:4: 1124 daAuts
     D:2: 892 daAuts
     D:3: 732 daAuts
     D:7: 595 daAuts
  Temple: 36 daAuts
